 Dungeon Crawl Stone Soup version 0.23-a0-681-g26ad783 (webtiles) character file.

116 galech the Skirmisher (level 4, 0/35 HPs)
             Began as a Demonspawn Fighter on Jan 10, 2019.
             Slain by Natasha (6 damage)
             ... on level 2 of the Dungeon.
             The game lasted 00:02:49 (1643 turns).

galech the Skirmisher (Demonspawn Fighter)          Turns: 1643, Time: 00:02:49

Health: 0/35       AC: 11    Str: 21    XL:     4   Next: 69%
Magic:  0/4        EV:  4    Int:  9    God:
Gold:   89         SH:  9    Dex: 14    Spells: 3/3 levels left

rFire    . . .     SeeInvis .   a - +0 war axe
rCold    . . .     Gourm    .   c - +0 shield
rNeg     . . .     Faith    .   p - +0 plate armour
rPois    .         Spirit   +   (no helmet)
rElec    .         Reflect  .   (no cloak)
rCorr    .         Harm     .   (no gloves)
MR       .....                  (no boots)
Stlth    ..........             e - amulet of guardian spirit (curse)
HPRegen  0.11/turn              (no ring)
MPRegen  0.09/turn              (no ring)

@: mighty, slowed, very slow
A: powered by death 1, rot immunity
a: no special abilities


You were on level 2 of the Dungeon.
You were not hungry.

You visited 1 branch of the dungeon, and saw 2 of its levels.

You collected 89 gold pieces.

Inventory:

Hand Weapons
 a - a +0 war axe (weapon)
Armour
 b - a +0 scale mail
 c - a +0 shield (worn)
 p - a +0 plate armour (worn)
Jewellery
 e - a cursed amulet of guardian spirit (around neck)
 n - an uncursed ring of ice
Scrolls
 g - a scroll of identify {unknown}
 i - a scroll of fear {unknown}
 l - a scroll of fog {unknown}
 q - a scroll of remove curse {unknown}
 r - a scroll of enchant armour {unknown}
 s - a scroll of teleportation {unknown}
Potions
 h - a potion of haste {unknown}
 j - 2 potions of mutation {unknown}
 k - a potion of heal wounds {unknown}
 m - a potion of agility {unknown}
 o - a potion of magic {unknown}
 u - a potion of ambrosia {unknown}
Comestibles
 f - 5 rations
 t - 3 chunks of flesh


   Skills:
 + Level 3.5 Fighting
 + Level 3.0 Axes
 + Level 3.1 Armour
 + Level 0.4 Dodging
 + Level 3.4 Shields


You had 3 spell levels left.
You didn't know any spells.
Your spell library was empty.

Dungeon Overview and Level Annotations

Branches:
Dungeon (2/15)

Altars:
Kikubaaqudgha
Trog

Annotations:
D:2 Natasha


Innate Abilities, Weirdness & Mutations

You regenerate a little health from kills.
You are immune to rotting.


Message History

You slash the shadow imp!
The shadow imp hits you but does no damage.
You block Natasha's attack. Natasha claws you. The shadow imp gestures at you.
You barely resist.
Your plate armour prevents you from hitting Natasha.
Natasha is moderately wounded.
You barely miss the shadow imp. The shadow imp completely misses you.
You block Natasha's attack. You block the shadow imp's attack.
Natasha stares at you and mumbles some strange words.
The magic dart hits you!
You slash Natasha!
Natasha is almost dead.
You slash the shadow imp!
You kill the shadow imp!
Natasha claws you but does no damage. You block Natasha's attack.
You closely miss Natasha.
Natasha is almost dead.
Natasha claws you but does no damage. Natasha claws you!
You die...

###..#######..##.........##.#
#.......................##(..
#.#####..###..####....<..###.
#.# ##.# #..#########.#)#..
##.### #'# #........(........
#....#
##.###.###########..###
#....# #8.8#.......... ##.##
####....####.##.#########
#..# ..........##.##.@h......
##.##
.##########8.8#.######.# #..#
.# ##.##.# ##.# .# ##.##.#
#.. .# #8.8### ##.
.###########.## #######.
.##8##8##8##.##8###8 #..[....
.'.................. #.###.P)
###8##8##8##.##8###8 #.#.#...


You could see Natasha.

Vanquished Creatures
  2 adders (D:2)
  3 gnolls
  A worm (D:2)
  2 dart slugs
  2 leopard geckos
  2 bats
  3 giant cockroaches
  7 goblins
  8 hobgoblins
  3 jackals (D:2)
  8 kobolds
  A quokka (D:2)
  4 frilled lizards
  11 rats
57 creatures vanquished.

Notes
Turn   | Place    | Note
-------+----------+-------------------------------------------
     0 | D:1      | galech the Demonspawn Fighter began the quest for the Orb.
     0 | D:1      | Reached XP level 1. HP: 18/18 MP: 1/1
    64 | D:1      | Gained mutation: You regenerate a little health from kills.
                  | [demonic ancestry]
    64 | D:1      | Reached XP level 2. HP: 23/24 MP: 2/2
   367 | D:1      | Gained mutation: You are immune to rotting. [demonic
                  | ancestry]
   367 | D:1      | Reached XP level 3. HP: 29/29 MP: 3/3
   555 | D:2      | Found an ancient bone altar of Kikubaaqudgha.
   654 | D:2      | Found a bloodstained altar of Trog.
   931 | D:1      | Reached XP level 4. HP: 25/35 MP: 2/4
  1623 | D:2      | Noticed Natasha
  1643 | D:2      | Slain by Natasha

Vault maps used:
D:1:      dpeg_arrival_pond, serial_corexii_hall, chequers_hall_statues_wall_a,
          chequers_hall_statues_y
D:2:      lemuel_upstairs_altar, kiku_gazebo_garden_becter,
          lightli_temple_of_fire, first_ration, minmay_misc_feat_square,
          minmay_misc_feat_room, dk_noncrumbling_2, minmay_tall_x, uniq_natasha

Skill      XL: |  1  2  3  4 |
---------------+-------------+-----
Armour         | 3 |  3.1
Shields        | 3 |  3.4
Axes           | 2 3 |  3.0
Fighting       | |  3.5
Dodging        | |  0.4

Action                   |  1- 3 |  4- 6 || total
-------------------------+-------+-------++-------
Melee: War axe           |   132 |    82 ||   214
  Use: Potion            |       |     1 ||     1
  Eat: Chunk             |       |     3 ||     3
Armor: Scale mail        |    34 |       ||    34
       Plate armour      |    44 |    65 ||   109
Dodge: Dodged            |    25 |     9 ||    34
Block: Shield            |    80 |    40 ||   120

Table legend:
 A = Non-vault XP
 B = Vault XP
 C = Vault XP percentage of total XP
 D = Non-vault monster count
 E = Vault monster count
 F = Vault count percentage of total count
                 A         B        C        D         E       F
            +---------+---------+-------+---------+---------+-------
      Total |     155 |      11 |   6.6 |      53 |       4 |   7.0
            +---------+---------+-------+---------+---------+-------
        D:1 |      76 |       0 |   0.0 |      29 |       0 |   0.0
        D:2 |      79 |      11 |  12.2 |      24 |       4 |  14.3
            +---------+---------+-------+---------+---------+-------
